 Dungeon Crawl Stone Soup version 0.30-b1-2-g02819fbbbe (webtiles) character file.

Game seed: 14904988371009073840

3973 Alarkh the Marksdemonspawn (level 10, 67/67 HPs)
             Began as a Demonspawn Hunter on July 7, 2023.
             Was a Follower of Uskayaw.
             Got out of the dungeon alive.
             The game lasted 00:07:28 (5898 turns).

Alarkh the Marksdemonspawn (Demonspawn Hunter)      Turns: 5898, Time: 00:07:29

Health: 67/67      AC:  8    Str: 12    XL:     10   Next: 2%
Magic:  13/13      EV: 14    Int: 14    God:    Uskayaw [*.....]
Gold:   449        SH:  4    Dex: 17    Spells: 9/9 levels left

rFire   + . .        a - +1 shortbow
rCold   . . .        (shield currently unavailable)
rNeg    . . .        s - +2 robe "Xeqalehu" {rPois}
rPois   +            (no helmet)
rElec   .            (cloak unavailable)
rCorr   .            (no gloves)
SInv    .            (no boots)
Will    .....        h - amulet of regeneration
Stlth   ++           y - +4 ring of protection
HPRegen 1.11/turn    o - ring of protection from fire
MPRegen 0.13/turn

%: no passive effects
@: no status effects
A: repulsion field 1, powered by pain 1, condensation shield, weakness stinger 3
a: Renounce Religion, Stomp


You escaped.
You worshipped Uskayaw.
Uskayaw was noncommittal.
You visited 2 branches of the dungeon, and saw 8 of its levels.
You also visited: Sewer.

You collected 449 gold pieces.

Inventory:

Hand Weapons
 a - a +1 shortbow (weapon)
Armour
 c - a +0 leather armour
 f - a +0 cloak
 s - the +2 robe "Xeqalehu" (worn) {rPois}
   (You found it on level 2 of the Dungeon)

   rPois:     It protects you from poison.
Magical Staves
 g - a staff of poison
 D - a staff of air
Jewellery
 h - an amulet of regeneration (around neck)
 o - a ring of protection from fire (right hand)
 u - an amulet of faith
 y - a +4 ring of protection (left hand)
Wands
 C - a wand of paralysis (6)
 E - a wand of polymorph (6)
Scrolls
 b - 2 scrolls of immolation
 e - a scroll of poison
 j - 2 scrolls of enchant weapon
 k - a scroll of enchant armour
 n - 2 scrolls of teleportation
 q - 2 scrolls of fog {unknown}
 r - 2 scrolls of amnesia {unknown}
 t - 2 scrolls of magic mapping {unknown}
 w - a scroll of torment
 z - 2 scrolls of noise {unknown}
 A - a scroll of brand weapon
 B - a scroll of silence {unknown}
Potions
 d - 2 potions of heal wounds
 i - 2 potions of brilliance
 l - 6 potions of attraction
 m - 7 potions of curing
 p - 3 potions of mutation
 v - 3 potions of degeneration
 x - a potion of might
 F - 2 potions of lignification {unknown}


   Skills:
 - Level 2.0 Fighting
 * Level 15.1 Ranged Weapons
 - Level 1.7 Dodging
 - Level 0.8 Stealth
 + Level 5.2 Invocations


You had 9 spell levels left.
You didn't know any spells.
Your spell library contained the following spells:

 Spells                   Type           Power      Damage    Failure   Level
 Foxfire                  Conj/Fire      0%         2x1d4     28%         1
 Shock                    Conj/Air       0%         1d3       28%         1
 Swiftness                Air            0%         N/A       65%         3
 Airstrike                Air            0%         2d(0-16)  96%         4
 Fireball                 Conj/Fire      0%         3d3       100%        5
 Plasma Beam              Fire/Air       0%         2x1d11    100%        6
 Starburst                Conj/Fire      0%         6d3       100%        6


Dungeon Overview and Level Annotations

Branches:
Dungeon (7/15)             Temple (1/1) D:4           Sewer (visited)

Altars:
Ashenzari
Cheibriados
Dithmenos
Fedhas
Gozag
Kikubaaqudgha
Makhleb
Nemelex Xobeh
Okawaru
Qazlal
Ru
Sif Muna
Trog
Uskayaw
Wu Jian
Xom
Yredelemnul

Shops:
D:3 (


Innate Abilities, Weirdness & Mutations

You are surrounded by a mild repulsion field. (EV +2)
You sometimes gain a little power by taking damage.
A meltable shield of frost defends you. (SH +4)
You have a sharp stinger which inflicts weakening toxins.


Message History

The arrow hits the wight but does no damage.
The wight is heavily damaged.
The wight barely misses you.
You shoot an arrow. The arrow barely misses the wight.
You shoot an arrow. The arrow hits the wight.
The wight is severely damaged.
The wight hits you from afar with a +0 trident.
You feel drained.
You shoot an arrow. The arrow hits the wight!
You destroy the wight!
Your life force feels restored.
No target in view!
(D) Dungeon (T) Temple
Where to? (Enter - D:7, ? - help)
What level of the Dungeon? (default 1, ? - help)
There is a stone staircase leading up here.
You climb upwards.
There is a stone staircase leading down here.
There is a stone staircase leading up, spattered with blood here.
You climb upwards.
There is a stone staircase leading down here.
You see here a hound skeleton.
Items here: ) [ ÷÷.
There is a stone staircase leading up here.
You climb upwards.
There is a stone staircase leading down here.
There is a stone staircase leading up here.
You climb upwards.
There is a stone staircase leading down here.
There is a stone staircase leading up here.
You climb upwards.
There is a stone staircase leading down here.
There is a stone staircase leading up here.
You climb upwards.
There is a stone staircase leading down here.
There is an open door here.
There is an open door here.
There is a staircase leading out of the dungeon here.
Are you sure you want to leave the Dungeon?
This will make you lose the game!
You have escaped!

#.##......#############.# #....
#.##...####.........##### #.###
#.##..##...####'####...## #.# #
#.##.##.#### #...# ####.## #.###
##.##.#.## #...# ##.# #....
#....##.#### ###'########.#######
..[..#.##§.###.....##..≈##.# #
.....#.#§≈..#.......#..§§#.#### #
.......#≈§..'...@...'..§§#....# #
....##.#≈≈..#.......#..≈≈#.##.###
...###.##≈.###.....##..≈##.#.....
.....##.#### ###+########.#######
...####.## #...# ##.# # ...#
##.#### #...# ####.## # .#.#
###...####'####...## # .#.#
#.####.........#### ### .#.# #.#
############ #..


There were no monsters in sight!

Vanquished Creatures
  6 yaks (D:6)
  Menkaure (D:7)
  An ice beast (D:6)
  3 ogres
  A kobold brigand (D:7)
  2 phantoms
  A bullfrog (D:6)
  4 wights (D:7)
  3 killer bees (D:7)
  9 hounds
  A jelly (D:5)
  A gnoll bouda (D:5)
  2 orc priests
  3 iguanas
  An iron imp (D:5)
  Jessica (D:2)
  4 orc wizards
  Natasha (thrice) (D:2)
  A hell rat (Sewer)
  5 gnolls (D:6)
  9 adders
  3 river rats (Sewer)
  An ufetubus (D:5)
  A worm (D:2)
  26 orcs
  3 bats
  5 endoplasms
  4 giant cockroaches
  5 goblins
  7 hobgoblins
  4 jackals
  11 kobolds
  5 quokkas
  6 ball pythons
  3 frilled lizards
  10 rats
156 creatures vanquished.

Notes
Turn   | Place    | Note
-------+----------+-------------------------------------------
     0 | D:1      | Alarkh the Demonspawn Hunter began the quest for the Orb.
     0 | D:1      | Reached XP level 1. HP: 16/16 MP: 1/1
   221 | D:1      | Reached skill level 4 in Ranged Weapons
   228 | D:1      | Gained mutation: You have a small tail. [demonic ancestry]
   228 | D:1      | Reached XP level 2. HP: 22/22 MP: 2/2
   481 | D:1      | Gained mutation: You have a tail ending in a sharp stinger.
                  | [demonic ancestry]
   481 | D:1      | Reached XP level 3. HP: 27/27 MP: 3/3
   963 | D:2      | Noticed Natasha
   977 | D:2      | Killed Natasha
   978 | D:2      | Reached skill level 5 in Ranged Weapons
  1380 | D:2      | Noticed Jessica
  1383 | D:2      | Killed Jessica
  1384 | D:2      | Gained mutation: You are surrounded by a mild repulsion
                  | field. (EV +2) [demonic ancestry]
  1384 | D:2      | Reached XP level 4. HP: 33/33 MP: 4/4
  1528 | D:2      | Identified the +2 robe "Xeqalehu" {rPois}
  1695 | D:2      | Noticed Natasha
  1720 | D:2      | Killed Natasha
  1757 | D:2      | Noticed Natasha
  1759 | D:2      | Killed Natasha
  1760 | D:2      | Reached XP level 5. HP: 38/38 MP: 5/5
  2023 | D:3      | Found Fuim's Antique Weapon Emporium.
  2040 | D:3      | Reached skill level 6 in Ranged Weapons
  2675 | D:4      | Identified the +1 dagger "Niclom" {heavy, rPois rC++}
  2799 | D:4      | Gained mutation: You sometimes gain a little power by
                  | taking damage. [demonic ancestry]
  2799 | D:4      | Reached XP level 6. HP: 31/44 MP: 6/6
  2861 | D:4      | Reached skill level 7 in Ranged Weapons
  2981 | D:4      | Found a staircase to the Ecumenical Temple.
  3099 | Temple   | Entered the Ecumenical Temple
  3313 | Temple   | Became a worshipper of Uskayaw the Reveller
  3522 | D:5      | Entered Level 5 of the Dungeon
  3542 | D:5      | Reached * piety under Uskayaw
  3548 | D:5      | Reached ** piety under Uskayaw
  3560 | D:5      | Found a glowing drain.
  3571 | Sewer    | Entered a sewer
  3598 | Sewer    | Reached XP level 7. HP: 50/50 MP: 7/7
  3782 | D:5      | Found a basalt altar of Yredelemnul.
  3810 | D:5      | Reached skill level 8 in Ranged Weapons
  4356 | D:5      | Found a stormy altar of Qazlal.
  4367 | D:5      | Found an ornate altar of the Wu Jian Council.
  4431 | D:5      | Found a snail-covered altar of Cheibriados.
  4539 | D:6      | Reached skill level 9 in Ranged Weapons
  4572 | D:6      | Reached skill level 1 in Invocations
  4662 | D:6      | Gained mutation: You have a sharp stinger which inflicts
                  | weakening toxins. [demonic ancestry]
  4662 | D:6      | Reached XP level 8. HP: 44/56 MP: 7/9
  4665 | D:6      | Reached skill level 14 in Ranged Weapons
  4665 | D:6      | Reached XP level 9. HP: 51/61 MP: 7/10
  4838 | D:6      | Reached *** piety under Uskayaw
  4843 | D:6      | Reached **** piety under Uskayaw
  4852 | D:6      | Reached ***** piety under Uskayaw
  5430 | D:7      | Reached skill level 15 in Ranged Weapons
  5439 | D:7      | Noticed Menkaure
  5446 | D:7      | Killed Menkaure
  5447 | D:7      | Reached skill level 5 in Invocations
  5522 | D:7      | Gained mutation: A meltable shield of frost defends you.
                  | (SH +4) [demonic ancestry]
  5522 | D:7      | Reached XP level 10. HP: 63/67 MP: 13/13
  5898 | D:$      | Got out of the dungeon alive.

Illustrated notes

Levels and vault maps discovered:
D:1:      dpeg_arrival_another_circle, layout_loops_ring
D:2:      layout_basic, minivault_24, uniq_jessica, uniq_natasha
D:3:      layout_basic, serial_shops, shop
D:4:      layout_loops_ring, minmay_temple_entry_stoned_glass
D:5:      layout_basic, slow_altar_2, mainiacjoe_overflow_boulevard,
          mainiacjoe_overflow_swirl, cheibrodos_sewer_entry_sluice
D:6:      layout_cave_pools, minmay_misc_feat_enclosed, serial_park_tiny_1
D:7:      layout_loops_ring, uniq_menkaure
Temple:   eino_temple_scatter_basement

Skill      XL: |  1  2  3  4  5  6  7  8  9 |
---------------+----------------------------+-----
Ranged Weapons | 4 5 6 7 9 14 15 | 15.1
Invocations    | 2 5 |  5.2
Fighting       | |  2.0
Dodging        | |  1.7
Stealth        | |  0.8

Action                     |  1- 3 |  4- 6 |  7- 9 | 10-12 || total
---------------------------+-------+-------+-------+-------++-------
  Melee: Shortbow          |       |     2 |       |       ||     2
   Fire: Shortbow          |    76 |   204 |   342 |     9 ||   631
    Use: Scroll            |     2 |     5 |     6 |       ||    13
         Potion            |     1 |     1 |     1 |       ||     3
 Armour: Leather armour    |     4 |    14 |       |       ||    18
         Robe              |       |    28 |    41 |       ||    69
  Dodge: Dodged            |    18 |   113 |   102 |     2 ||   235
  Block: Other             |       |       |       |     1 ||     1
